Map: Dusk Towers

Players

hirekui - Winner!

  • Race: Terran Terran
  • League: Master

Zoidberg

  • Race: Zerg Zerg
  • League: Diamond

VOD

Have the link to the VOD?

Description

Time

  • Played on: Feb. 3, 2016, 10:14 p.m.
  • Length: 9:43
Show
View Real Time Build Order
Export as new Build Order

hirekui Terran - Winner!

Build Orders: Command Center First (CC), Bio Hellbat 

Get SALT Encoding   

  12  0:02  SCV  
  13  0:14  SCV  
  13  0:18  Supply Depot  
  14  0:26  SCV  
  15  0:40  SCV  
  16  0:52  SCV  
  17  1:00  Command Center  
  17  1:04  SCV  
  18  1:12  Barracks  
  18  1:18  SCV  
  19  1:27  Barracks  
  19  1:31  SCV  
  20  1:43  SCV  
  20  1:44  Barracks  
  21  1:52  Refinery  
  21  2:00  Orbital Command  
  21  2:01  Marine  
  22  2:15  Orbital Command  
  22  2:17  Marine  
  22  2:21  Marine  
  24  2:27  SCV  
  25  2:31  Marine  
  25  2:35  Marine  
  27  2:39  SCV  
  27  2:40  Engineering Bay  
  27  2:41  SCV  
  27  2:42  Marine  
  30  2:51  Supply Depot, SCV  
  30  2:52  Marine  
  30  2:58  Marine  
  33  2:59  SCV  
  33  3:01  Marine  
  35  3:10  Terran Infantry Weapons Level 1, SCV  
  35  3:11  Barracks Tech Lab  
  36  3:15  Supply Depot  
  36  3:16  Marine  
  36  3:19  Marine  
  37  3:20  SCV  
  37  3:22  SCV  
  40  3:31  Marine  
  40  3:32  SCV  
  40  3:33  Marine  
  43  3:35  SCV  
  43  3:37  Marine  
  45  3:43  Combat Shields, Supply Depot  
  45  3:44  SCV  
  46  3:49  Marine  
  46  3:52  Marine  
  46  3:55  Command Center  
  48  3:56  SCV  
  48  3:58  SCV  
  48  3:59  Marine  
  51  4:05  Refinery  
  51  4:07  Marine  
  52  4:10  Marine, SCV  
  52  4:12  SCV  
  55  4:17  Marine  
  55  4:18  Supply Depot  
  55  4:22  SCV  
  57  4:25  Marine  
  57  4:26  Factory  
  57  4:28  Marine  
  57  4:29  Refinery x2  
  59  4:33  SCV  
  59  4:34  SCV  
  59  4:35  Marine  
  62  4:43  Marine  
  63  4:45  SCV  
  63  4:50  Marine  
  65  4:56  Marine  
  65  4:57  SCV  
  67  5:02  Bunker  
  67  5:03  SCV  
  67  5:04  Marine  
  67  5:05  Stimpack, Terran Infantry Armor Level 1  
  67  5:06  Bunker  
  69  5:08  Orbital Command  
  69  5:09  SCV  
  70  5:15  Factory Tech Lab, SCV  
  70  5:17  Starport  
  70  5:19  Marine x2  
  70  5:20  Supply Depot  
  73  5:22  SCV  
  73  5:27  SCV  
  75  5:34  Orbital Command, Supply Depot  
  75  5:40  SCV x2  
  77  5:47  Marine x2, Armory  
  77  5:49  Engineering Bay  
  79  5:50  Supply Depot  
  79  5:52  SCV  
  79  5:55  Marine  
  79  5:56  SCV  
  82  5:58  Supply Depot  
  82  6:00  SCV  
  83  6:06  Siege Tank, Medivac  
  83  6:09  SCV x2  
  90  6:17  Barracks  
  90  6:20  Barracks Reactor, Barracks  
  90  6:21  Barracks Reactor, SCV  
  90  6:22  SCV  
  90  6:23  SCV  
  93  6:27  Supply Depot  
  93  6:33  SCV  
  93  6:35  SCV x2  
  93  6:36  Marine  
  97  6:43  Medivac  
  97  6:45  SCV  
  97  6:47  SCV  
  101  6:49  Factory Reactor, Terran Infantry Weapons Level 2  
  101  6:51  SCV  
  101  6:52  Terran Vehicle Weapons Level 1  
  102  6:54  Refinery  
  102  6:57  SCV  
  102  6:59  SCV  
  102  7:00  Factory  
  104  7:05  Barracks Reactor, Marine x2, Supply Depot  
  104  7:06  Marine x3, Supply Depot  
  110  7:14  Barracks Reactor  
  109  7:24  Marine x2  
  109  7:25  Marine x3  
  114  7:30  Medivac x2  
  114  7:35  Factory Reactor  
  118  7:37  Concussive Shells  
  118  7:41  Supply Depot, Missile Turret  
  118  7:42  Marine x3, Missile Turret  
  118  7:43  Marine  
  121  7:45  Marine x3  
  121  7:50  Marine x2  
  123  8:00  Marine x3  
  123  8:01  Marine  
  123  8:02  Marine x2  
  123  8:03  Marine  
  129  8:08  Marine x2  
  129  8:12  Hellbat x3  
  137  8:13  Infernal Pre-Igniter  
  137  8:14  Medivac x2  
  137  8:18  Marine x3  
  137  8:19  Supply Depot  
  144  8:21  Marine  
  144  8:22  Marine, Supply Depot  
  144  8:23  Supply Depot  
  146  8:30  Missile Turret  
  146  8:31  Marine x2  
  148  8:36  SCV  
  148  8:40  Marine x5, SCV  
  155  8:44  Marine  
  155  8:47  Hellbat x3  
  155  8:48  Marine  
  162  8:49  Marine  
  162  8:53  Marine  
  165  8:58  Marine x3  
  166  9:05  Marine x2  
  168  9:11  Marine x2  
  168  9:14  Marine  
  152  9:17  Marine x2  
  152  9:18  Marauder  
Show
View Real Time Build Order
Export as new Build Order

Zoidberg Zerg 

Build Orders: Hatch First 

Get SALT Encoding   

  12  0:01  Drone  
  13  0:13  Overlord  
  13  0:18  Drone  
  14  0:31  Drone x2  
  14  0:35  Drone  
  17  0:53  Hatchery  
  17  0:56  Drone  
  17  0:59  Drone  
  18  1:15  Spawning Pool  
  18  1:16  Drone  
  18  1:37  Hatchery  
  17  1:45  Extractor, Drone  
  17  1:47  Drone  
  18  1:58  Drone  
  19  2:01  Queen  
  19  2:06  Queen  
  23  2:09  Zergling x2  
  23  2:13  Zergling x2  
  25  2:16  Zergling x2  
  25  2:22  Overlord  
  26  2:25  Drone  
  27  2:36  Drone  
  28  2:40  Queen  
  30  2:48  Spine Crawler  
  29  2:51  Metabolic Boost  
  30  2:58  Zergling x2  
  30  3:02  Zergling x4  
  32  3:07  Zergling x2  
  32  3:10  Zergling x2  
  34  3:30  Overlord  
  34  3:37  Overlord  
  34  3:42  Roach Warren  
  34  3:43  Extractor  
  34  3:44  Drone x2  
  34  3:49  Queen  
  37  3:55  Drone x2  
  37  3:56  Drone  
  39  4:04  Drone x2  
  39  4:06  Drone  
  42  4:14  Drone x2  
  44  4:18  Drone  
  44  4:21  Drone x2  
  47  4:30  Drone x3  
  50  4:35  Overlord  
  50  4:46  Overlord  
  50  4:54  Roach  
  50  4:55  Roach x3  
  58  5:01  Overlord  
  58  5:08  Roach x2  
  58  5:09  Roach  
  62  5:18  Overlord x2  
  62  5:19  Extractor  
  61  5:24  Lair  
  61  5:28  Drone x2  
  61  5:29  Baneling Nest  
  61  5:30  Spore Crawler  
  61  5:34  Spore Crawler  
  60  5:36  Drone  
  61  5:52  Drone x2  
  61  5:53  Drone x6  
  69  6:21  Drone x6  
  69  6:22  Drone x4  
  79  6:29  Centrifical Hooks  
  79  6:30  Glial Reconstitution  
  79  6:33  Baneling x4  
  79  6:34  Baneling x4  
  79  6:35  Zergling x4  
  81  6:42  Drone  
  81  6:43  Evolution Chamber  
  81  6:44  Drone x2, Evolution Chamber  
  82  6:50  Extractor, Overlord  
  82  6:51  Drone x2  
  83  7:03  Drone x3  
  83  7:04  Drone x2, Overlord, Infestation Pit  
  87  7:12  Zerg Ground Armor Level 1, Zerg Missile Weapons Level 1  
  87  7:13  Overlord  
  87  7:14  Drone  
  87  7:15  Drone  
  89  7:18  Drone x2  
  89  7:19  Drone  
  89  7:20  Drone  
  93  7:28  Overseer  
  91  7:45  Roach x3  
  91  7:46  Roach x2  
  99  7:53  Extractor  
  99  7:55  Extractor  
  90  8:02  Drone x2  
  90  8:03  Drone  
  92  8:08  Pathogen Glands  
  94  8:20  Roach x6  
  94  8:21  Roach x2  
  94  8:25  Drone x2  
  94  8:26  Drone, Hatchery  
  108  8:29  Queen  
  110  8:39  Overlord x3  
  110  9:02  Roach x5  
  122  9:03  Roach x4  
  114  9:22  Roach x9  
Tags
 
Add a new tag
Caveats
  • Supply blocks, unpowered buildings, or Contaminate may cause inaccurate times.
  • Supply counts are checked every 10 seconds.